Match 47467201
Unlisted

Match 47467201
End
Vickers Machine Gun Team
Construct Section Command Post
Selects Heavy Armor Battlegroup
Dingo Light Scout Car
Infantry Section
Infantry Section
Construct Platoon Command Post
Grenade Package
Selects Engineer Detachments
Humber Armored Car
Construct Field Infirmary
Selects Light Vehicle Withdraw and Refit
Light Vehicle Withdraw and Refit
6-pounder Anti-tank Gun Team
Infantry Section
Gray
kamacura
Jerking Hans
Kylen
Boop
FartNoise
0
0

Comments sign in to comment!

No comments posted yet!